 Dungeon Crawl Stone Soup version 0.23-a0-622-g59b4ea9 (webtiles) character file.

245 Letos the Shooter (level 5, 45/45 HPs)
             Began as a Minotaur Hunter on Dec 24, 2018.
             Was an Initiate of Okawaru.
             Got out of the dungeon alive.
             The game lasted 00:05:14 (2525 turns).

Letos the Shooter (Minotaur Hunter)                 Turns: 2525, Time: 00:05:14

Health: 45/45      AC:  6    Str: 22    XL:     5   Next: 83%
Magic:  4/4        EV: 11    Int:  8    God:    Okawaru [......]
Gold:   75         SH:  4    Dex: 11    Spells: 4/4 levels left

rFire    . . .     SeeInvis .   s - +0 falchion
rCold    . . .     Gourm    .   (no shield)
rNeg     . . .     Faith    .   h - +0 ring mail
rPois    .         Spirit   .   (helmet restricted)
rElec    .         Reflect  +   (no cloak)
rCorr    .         Harm     .   k - +0 pair of gloves
MR       .....                  (no boots)
Stlth    +.........             g - +4 amulet of reflection
HPRegen  0.15/turn              e - +5 ring of strength
MPRegen  0.09/turn              (no ring)

@: no status effects
A: retaliatory headbutt, horns 2
a: Renounce Religion


You escaped.
You worshipped Okawaru.
Okawaru was noncommittal.
You were not hungry.

You visited 1 branch of the dungeon, and saw 3 of its levels.

You collected 75 gold pieces.

Inventory:

Hand Weapons
 a - a +2 shortbow
 s - a +0 falchion (weapon)
Missiles
 d - 42 arrows
Armour
 h - a +0 ring mail (worn)
 k - a +0 pair of gloves (worn)
Jewellery
 e - a +5 ring of strength (left hand)
 g - a +4 amulet of reflection (around neck)
Scrolls
 b - a scroll of blinking {unknown}
 c - a scroll of identify
 i - a scroll of magic mapping
 j - 2 scrolls of amnesia
 o - 2 scrolls of remove curse
 r - a scroll of teleportation
Potions
 l - a potion of agility {unknown}
 n - 2 potions of flight
 p - a potion of curing
Comestibles
 f - 2 rations


   Skills:
 + Level 3.0 Fighting
 + Level 1.4 Long Blades
 * Level 7.3 Bows
 - Level 2.1 Dodging
 - Level 0.7 Stealth
 + Level 1.1 Invocations


You had 4 spell levels left.
You didn't know any spells.
Your spell library was empty.

Dungeon Overview and Level Annotations

Branches:
Dungeon (3/15)

Altars:
Okawaru
Qazlal
Ru
Uskayaw
Wu Jian
The Shining One

Annotations:
D:3 1 runed door, Pooter's ghost, weakling GnSk


Innate Abilities, Weirdness & Mutations

You reflexively headbutt those who attack you in melee.
You have a pair of horns on your head.


Message History

b - a scroll labeled EKEVEHA JAXKA
Things that are here:
a cursed +0 trident; a +0 robe; a hobgoblin corpse Pooter's ghost turns its malevolent gaze towards you.
The adder hisses angrily.
Found an escape hatch in the floor.
There is an escape hatch in the ceiling here.
A mysterious force pulls you upwards. The hatch slams shut behind you.
There is a stone staircase leading up here.
You climb upwards.
There is a stone staircase leading down here.
The rat is too close now for your liking.
You can't go up here!
There is an open door here.
The rat closely misses you. You furiously retaliate!
You headbutt the rat!
You kill the rat!
Okawaru accepts your kill.
There is a staircase leading out of the dungeon here.
Are you sure you want to leave the Dungeon?
This will make you lose the game!
You have escaped!

#............#######...# #
#...#.##....##.....##..# #
####..#....##.......##.# #
#.##....#.........#.# #
#.##...(#.........#.# #
##.#..###'###......#.########
##....##..#..##.....#.#......#
#....##...#.>.##....#.#.......
#....#....##.@.#...##.#.......
#....#.....##.†#..##..#.......
#....#......###'###..##......#
###..#.........#....###......#
#..#.........#.............#
#..##.......##.....##......#
#...##.....##......#########
#....#######..#...##
#............######


There were no monsters in sight!

Vanquished Creatures
  2 orc priests
  3 orc wizards
  An adder (D:2)
  An ooze (D:2)
  2 worms
  A dart slug (D:2)
  3 leopard geckos
  8 orcs
  4 ball pythons
  6 bats
  3 giant cockroaches (D:2)
  7 goblins
  4 hobgoblins
  5 jackals
  8 kobolds
  A quokka (D:2)
  4 frilled lizards
  8 rats
71 creatures vanquished.

Notes
Turn   | Place    | Note
-------+----------+-------------------------------------------
     0 | D:1      | Letos the Minotaur Hunter began the quest for the Orb.
     0 | D:1      | Reached XP level 1. HP: 18/18 MP: 0/0
   268 | D:1      | Reached XP level 2. HP: 25/25 MP: 1/1
   293 | D:1      | Reached skill level 5 in Bows
   647 | D:2      | Reached XP level 3. HP: 9/30 MP: 2/2
   956 | D:2      | Found an ornate altar of the Wu Jian Council.
  1041 | D:2      | Reached skill level 6 in Bows
  1539 | D:2      | Found a stormy altar of Qazlal.
  1546 | D:2      | Found an iron altar of Okawaru.
  1553 | D:2      | Became a worshipper of Warmaster Okawaru
  1687 | D:2      | Reached XP level 4. HP: 37/37 MP: 3/3
  2101 | D:3      | Found a glowing golden altar of the Shining One.
  2101 | D:3      | Found a hide-covered altar of Uskayaw.
  2119 | D:3      | Reached skill level 7 in Bows
  2119 | D:3      | Reached XP level 5. HP: 42/42 MP: 4/4
  2129 | D:3      | Reached skill level 1 in Long Blades
  2134 | D:3      | Found a runed door.
  2141 | D:3      | Noticed Pooter's ghost (weakling GnSk)
  2197 | D:3      | Found a sacrificial altar of Ru.
  2225 | D:3      | Reached skill level 1 in Invocations
  2525 | D:$      | Got out of the dungeon alive.

Vault maps used:
D:1:      co_arrival_two_rings, serial_glass, glass_columns_b, glass_columns_a
D:2:      lemuel_coloured_pillars_altar, amethyst_overflow_temple_binary
D:3:      lemuel_crystal_altar, kennysheep_slug_shrine,
          chequers_temple_overflow_statue_of_worship, ebering_ghost_inner_flame

Skill      XL: |  1  2  3  4  5 |
---------------+----------------+-----
Bows           | 5 6 7 |  7.3
Long Blades    | 1 |  1.4
Fighting       | 3 |  3.0
Invocations    | 1 |  1.1
Dodging        | |  2.1
Stealth        | |  0.7

Action                   |  1- 3 |  4- 6 || total
-------------------------+-------+-------++-------
Melee: Short sword       |    93 |    16 ||   109
       Headbutt          |    14 |    15 ||    29
       Falchion          |       |    56 ||    56
 Fire: Shortbow          |    10 |     4 ||    14
  Use: Scroll            |       |     7 ||     7
 Stab: Sleeping          |       |     1 ||     1
  Eat: Chunk             |     1 |     1 ||     2
       Ration            |       |     1 ||     1
Armor: Leather armour    |    16 |    10 ||    26
       Ring mail         |       |    18 ||    18
Dodge: Dodged            |    56 |    38 ||    94
Block: Other             |    12 |    14 ||    26
       Reflection        |       |     1 ||     1
       Rpst.: Falchion   |       |     6 ||     6

Table legend:
 A = Non-vault XP
 B = Vault XP
 C = Vault XP percentage of total XP
 D = Non-vault monster count
 E = Vault monster count
 F = Vault count percentage of total count
                 A         B        C        D         E       F
            +---------+---------+-------+---------+---------+-------
      Total |     350 |       0 |   0.0 |      71 |       0 |   0.0
            +---------+---------+-------+---------+---------+-------
        D:1 |      34 |       0 |   0.0 |      20 |       0 |   0.0
        D:2 |     144 |       0 |   0.0 |      28 |       0 |   0.0
        D:3 |     172 |       0 |   0.0 |      23 |       0 |   0.0
            +---------+---------+-------+---------+---------+-------
